 Dungeon Crawl Stone Soup version 0.24.0-123-gd5b16e6ec5 (webtiles) character file.

Game seed: 11396497094825871079, levelgen mode: deterministic

53 Grit the Slasher (level 3, -9/28 HPs)
             Began as a Demonspawn Gladiator on Feb 4, 2020.
             Mangled by a kobold
             ... wielding a +0 dagger of electrocution
              (10 damage)
             ... on level 2 of the Dungeon.
             The game lasted 00:02:30 (1563 turns).

Grit the Slasher (Demonspawn Gladiator)             Turns: 1563, Time: 00:02:31

Health: -9/28      AC: 11    Str: 14    XL:     3   Next: 62%
Magic:  3/3        EV:  4    Int:  9    God:
Gold:   65         SH:  0    Dex: 15    Spells: 2/2 levels left

rFire    . . .     SeeInvis .   a - +0 long sword
rCold    + . .     Gourm    .   (no shield)
rNeg     . . .     Faith    .   g - +0 plate armour (curse)
rPois    .         Spirit   .   c - +0 helmet
rElec    .         Reflect  .   (no cloak)
rCorr    .         Harm     .   (no gloves)
MR       .....                  (no boots)
Stlth    ..........             (no amulet)
HPRegen  0.09/turn              (no ring)
MPRegen  0.08/turn              (no ring)

@: no status effects
A: hooves 1, cold resistance 1
a: no special abilities


You were on level 2 of the Dungeon.
You were not hungry.

You visited 1 branch of the dungeon, and saw 2 of its levels.

You collected 65 gold pieces.

Inventory:

Hand Weapons
 a - a +0 long sword (weapon)
Missiles
 d - 3 throwing nets (quivered)
Armour
 b - a +0 leather armour
 c - a +0 helmet (worn)
 g - a cursed +0 plate armour (worn)
Scrolls
 e - 4 scrolls of identify {unknown}
 j - a scroll of teleportation {unknown}
 k - a scroll of remove curse {unknown}
Potions
 h - a potion of might {unknown}
 i - a potion of brilliance {unknown}
Comestibles
 f - a ration


   Skills:
 + Level 2.8 Fighting
 + Level 3.2 Long Blades
 - Level 1.7 Throwing
 + Level 3.2 Dodging
 - Level 0.1 Stealth


You had 2 spell levels left.
You didn't know any spells.
Your spell library was empty.

Dungeon Overview and Level Annotations

Branches:
Dungeon (2/15)

Altars:


Innate Abilities, Weirdness & Mutations

You have large cloven feet.
Your flesh is cold resistant. (rC+)


Message History

No target in view!
A kobold comes into view.
It is wielding a +0 dagger of electrocution.
The kobold throws a stone.
The stone completely misses you.
You see here a ration.
The kobold hits you but does no damage.
You hit the kobold. Your kick misses the kobold.
The kobold is severely wounded.
The kobold hits you but does no damage.
You are electrocuted!
You closely miss the kobold.
The kobold is severely wounded.
The kobold hits you but does no damage.
You are electrocuted!!
Ouch! That really hurt!
* * * LOW HITPOINT WARNING * * *
You are too injured to fight recklessly!
You are too injured to fight recklessly!
You are too injured to fight recklessly!
You hit the kobold but do no damage.
The kobold is severely wounded.
The kobold hits you but does no damage. x2; You are electrocuted!
You die...

..#. ..# )#.# ...
... #.# #.# #.#
#.####.###
#.........
#########
#......###
#..K....# #..#####
# #@##.####..#####
#
##.%............##
#.##(####..##.....
......# ...##...##
##.##### .....###
## #. ....... . ..
....##### ## #.
###.. #. .. .. #.


You could see a kobold.

Vanquished Creatures
  2 adders (D:2)
  An ooze (D:2)
  A worm (D:2)
  A dart slug (D:1)
  A ball python (D:1)
  8 bats
  A giant cockroach (D:1)
  4 hobgoblins (D:1)
  A frilled lizard (D:2)
  4 kobolds (D:1)
  3 rats (D:1)
27 creatures vanquished.

Notes
Turn   | Place    | Note
-------+----------+-------------------------------------------
     0 | D:1      | Grit the Demonspawn Gladiator began the quest for the Orb.
     0 | D:1      | Reached XP level 1. HP: 16/16 MP: 1/1
   399 | D:1      | Gained mutation: Your flesh is cold resistant. (rC+)
                  | [demonic ancestry]
   399 | D:1      | Reached XP level 2. HP: 3/22 MP: 2/2
   408 | D:1      | HP: 1/22 [bat (1)]
  1345 | D:2      | Gained mutation: You have large cloven feet. [demonic
                  | ancestry]
  1345 | D:2      | Reached XP level 3. HP: 28/28 MP: 3/3
  1562 | D:2      | HP: 1/28 [kobold/+0 dagger of electrocution (18)]
  1563 | D:2      | Mangled by a kobold

Levels and vault maps discovered:
D:1:      dpeg_arrival_pond, layout_basic
D:2:      layout_loops_corners, old_standard_altar, overflow_temple_1_default,
          minmay_tromino_v7

Skill      XL: |  1  2 |
---------------+-------+-----
Long Blades    | 3 |  3.2
Dodging        | 3 |  3.2
Fighting       | |  2.8
Throwing       | |  1.7
Stealth        | |  0.1

Action                   || total
-------------------------++-------
Melee: Long sword        ||   112
       Kick              ||     5
  Eat: Chunk             ||     2
Armor: Plate armour      ||   117
       Leather armour    ||     7
Dodge: Dodged            ||    50
       Rpst.: Long sword ||    18
